NCAA
KANSAS JAYHAWKS @ KENTUCKY WILDCATS
04/05/2026
 
TOP OF THE 1ST
Kansas Jayhawks batting - Pitching for Kentucky Wildcats : LHP John Smith
Pitching: LHP John Smith
Batting: RHB Manuel Cisneros 0-0: Foul Ball, location: 2F
0-1: Ball
1-1: Foul Ball, location: 2F
1-2: Strikes out swinging
Batting: RHB Johnny Hawson 0-0: Ball
1-0: Foul Ball, location: 2F
1-1: Ball
2-1: Ball
3-1: Foul Ball, location: 2F
3-2: Ground out 4-3 (Groundball, 13)
Batting: LHB Victor Stuart 0-0: Ball
1-0: Called Strike
1-1: Swinging Strike
1-2: Foul Ball, location: 2F
1-2: Foul Ball, location: 2F
1-2: Ball
2-2: Foul Ball, location: 2F
2-2: Ground out 3-1 (Groundball, 34)
Top of the 1st over - 0 run(s), 0 hit(s), 0 error(s), 0 left on base; Kansas 0 - Kentucky 0
BOTTOM OF THE 1ST
Kentucky Wildcats batting - Pitching for Kansas Jayhawks : RHP Joe Rose
Pitching: RHP Joe Rose
Batting: LHB Eric Dillard 0-0: Ball
1-0: Called Strike
1-1: Ball
2-1: Swinging Strike
2-2: Reached on error, E6 (Groundball, 6M)
Batting: LHB César Rodríguez 0-0: Ball
1-0: Called Strike
Eric Dillard steals 2nd base
1-1: Ground out 5-3 (Groundball, 56S)
Eric Dillard to third
Batting: SHB Arnold Moore 0-0: Foul Ball, location: 2F
0-1: Ball
1-1: Ball
2-1: Foul Ball, location: 2F
2-2: Fly out, F4 (Popup, 4S)
Batting: RHB Robert Rose 0-0: Fly out, F9 (Flyball, 9M)
Bottom of the 1st over - 0 run(s), 0 hit(s), 1 error(s), 1 left on base; Kansas 0 - Kentucky 0
TOP OF THE 2ND
Kansas Jayhawks batting - Pitching for Kentucky Wildcats : LHP John Smith
Batting: RHB Robbie Jenkins 0-0: Ball
1-0: Ball
2-0: Called Strike
2-1: Ball
3-1: Swinging Strike
3-2: Strikes out swinging
Batting: RHB John Stevens 0-0: Ball
1-0: Ball
2-0: Ball
3-0: Base on Balls
Batting: LHB Roy Woods 0-0: Called Strike
0-1: Ball
1-1: Fly out, F7 (Flyball, 78S)
Batting: LHB Francisco Blanco 0-0: Foul Ball, location: 2F
0-1: Called Strike
0-2: Foul Ball, location: 2F
0-2: Ball
1-2: SINGLE (Groundball, 4MD)
John Stevens to second
Batting: RHB Dave Warren 0-0: Ball
1-0: Called Strike
1-1: Swinging Strike
1-2: Strikes out swinging
Top of the 2nd over - 0 run(s), 1 hit(s), 0 error(s), 2 left on base; Kansas 0 - Kentucky 0
BOTTOM OF THE 2ND
Kentucky Wildcats batting - Pitching for Kansas Jayhawks : RHP Joe Rose
Batting: RHB Bob Zambrano 0-0: Fly out, F3 (Popup, 3S)
Batting: RHB Roberto Juárez 0-0: Called Strike
0-1: Ball
1-1: Ball
2-1: Foul Ball, location: 2F
2-2: Strikes out swinging
Batting: RHB Joseph Leach 0-0: Ball
1-0: Ball
2-0: Called Strike
2-1: Called Strike
2-2: Strikes out swinging
Bottom of the 2nd over - 0 run(s), 0 hit(s), 0 error(s), 0 left on base; Kansas 0 - Kentucky 0
TOP OF THE 3RD
Kansas Jayhawks batting - Pitching for Kentucky Wildcats : LHP John Smith
Batting: RHB Cordell Grady 0-0: Ball
1-0: Ball
2-0: Ball
3-0: Called Strike
3-1: Base on Balls
Batting: RHB Manuel Cisneros 0-0: Called Strike
0-1: Grounds into double play, 5-4-3 (Groundball, 56)
Batting: RHB Johnny Hawson 0-0: Ground out 4-3 (Groundball, 34)
Top of the 3rd over - 0 run(s), 0 hit(s), 0 error(s), 0 left on base; Kansas 0 - Kentucky 0
BOTTOM OF THE 3RD
Kentucky Wildcats batting - Pitching for Kansas Jayhawks : RHP Joe Rose
Batting: SHB Russ Beasley 0-0: Ball
1-0: SINGLE (Line Drive, 6MD)
Batting: RHB Morris Wilson 0-0: Foul Ball, location: 2F
0-1: Swinging Strike
0-2: Ball
1-2: Ball
2-2: Strikes out swinging
Batting: LHB Eric Dillard 0-0: Called Strike
Russ Beasley steals 2nd base
0-1: Fly out, F7 (Popup, 6D)
Batting: LHB César Rodríguez 0-0: Foul Ball, location: 2F
0-1: Foul Ball, location: 2F
0-2: Ground out 4-3 (Groundball, 4M)
Bottom of the 3rd over - 0 run(s), 1 hit(s), 0 error(s), 1 left on base; Kansas 0 - Kentucky 0
TOP OF THE 4TH
Kansas Jayhawks batting - Pitching for Kentucky Wildcats : LHP John Smith
Batting: LHB Victor Stuart 0-0: Ball
1-0: Ball
2-0: Swinging Strike
2-1: Foul Ball, location: 2F
2-2: Strikes out swinging
Batting: RHB Robbie Jenkins 0-0: Ball
1-0: Swinging Strike
1-1: Ball
2-1: Called Strike
2-2: Ball
3-2: SINGLE (Groundball, 6MD)
Batting: RHB John Stevens 0-0: Ball
1-0: Ball
2-0: Ball
Wild Pitch!
Robbie Jenkins to second
3-0: Called Strike
3-1: Base on Balls
Batting: LHB Roy Woods 0-0: Called Strike
0-1: Ball
1-1: SINGLE (Line Drive, 6MD)
Robbie Jenkins to third
John Stevens to second
Batting: LHB Francisco Blanco 0-0: Called Strike
0-1: Fly out, F8 (Popup, 6MD)
Batting: RHB Dave Warren 0-0: Ball
1-0: Foul Ball, location: 2F
1-1: Ball
2-1: SINGLE (Groundball, 6MD)
Robbie Jenkins scores
John Stevens to third
Roy Woods to second
Runner from 3rd tries for Home, SAFE, no throw or cutoff
Batting: RHB Cordell Grady 0-0: Foul Ball, location: 2F
0-1: Swinging Strike
0-2: Strikes out swinging
Top of the 4th over - 2 run(s), 3 hit(s), 0 error(s), 2 left on base; Kansas 2 - Kentucky 0
BOTTOM OF THE 4TH
Kentucky Wildcats batting - Pitching for Kansas Jayhawks : RHP Joe Rose
Batting: SHB Arnold Moore 0-0: Ball
1-0: Fly out, F8 (Flyball, 8LM)
Batting: RHB Robert Rose 0-0: Ball
1-0: Ball
2-0: Called Strike
2-1: Ball
3-1: Foul Ball, location: 2F
3-2: Base on Balls
Batting: RHB Bob Zambrano 0-0: Called Strike
0-1: Called Strike
0-2: Foul Ball, location: 2F
0-2: 2-RUN HOME RUN (Flyball, 7D), Distance : 364 ft
Batting: RHB Roberto Juárez 0-0: Called Strike
0-1: Ball
1-1: Ball
2-1: Called Strike
2-2: Strikes out looking
Batting: RHB Joseph Leach 0-0: SINGLE (Line Drive, 4MD)
Pitching: LHP Lyle Quick
Batting: SHB Russ Beasley 0-0: Ball
Joseph Leach steals 2nd base
1-0: Ball
2-0: Called Strike
2-1: Ball
3-1: Base on Balls
Batting: RHB Morris Wilson 0-0: Foul Ball, location: 2F
0-1: Called Strike
0-2: Ball
1-2: Strikes out swinging
Bottom of the 4th over - 2 run(s), 2 hit(s), 0 error(s), 2 left on base; Kansas 2 - Kentucky 2
TOP OF THE 5TH
Kansas Jayhawks batting - Pitching for Kentucky Wildcats : LHP John Smith
Batting: RHB Manuel Cisneros 0-0: Called Strike
0-1: Fly out, F9 (Flyball, 89M)
Batting: RHB Johnny Hawson 0-0: Called Strike
0-1: Reached on error, E6 (Groundball, 6)
Pitching: RHP Bryce Gray
Batting: LHB Victor Stuart 0-0: Fly out, F8 (Flyball, 8LM)
Batting: RHB Robbie Jenkins 0-0: Called Strike
0-1: Fly out, F9 (Flyball, 89M)
Top of the 5th over - 0 run(s), 0 hit(s), 1 error(s), 1 left on base; Kansas 2 - Kentucky 2
BOTTOM OF THE 5TH
Kentucky Wildcats batting - Pitching for Kansas Jayhawks : LHP Lyle Quick
Batting: LHB Eric Dillard 0-0: Ball
1-0: Called Strike
1-1: Called Strike
1-2: Strikes out swinging
Batting: LHB César Rodríguez 0-0: Swinging Strike
0-1: Ball
1-1: Foul Ball, location: 2F
1-2: Ball
2-2: Ground out 4-3 (Groundball, 4M)
Batting: SHB Arnold Moore 0-0: Ball
1-0: Ball
2-0: Ball
3-0: Base on Balls
Batting: RHB Robert Rose 0-0: Foul Ball, location: 2F
0-1: Foul Ball, location: 2F
0-2: Foul Ball, location: 2F
0-2: Strikes out looking
Bottom of the 5th over - 0 run(s), 0 hit(s), 0 error(s), 1 left on base; Kansas 2 - Kentucky 2
TOP OF THE 6TH
Kansas Jayhawks batting - Pitching for Kentucky Wildcats : RHP Bryce Gray
Batting: RHB John Stevens 0-0: Ball
1-0: Ball
2-0: Called Strike
2-1: Called Strike
2-2: Ball
3-2: Base on Balls
Batting: LHB Roy Woods 0-0: Grounds into double play, 4-6-3 (Groundball, 34)
Batting: LHB Francisco Blanco 0-0: Called Strike
0-1: Ball
1-1: Fly out, F7 (Popup, 78S)
Top of the 6th over - 0 run(s), 0 hit(s), 0 error(s), 0 left on base; Kansas 2 - Kentucky 2
BOTTOM OF THE 6TH
Kentucky Wildcats batting - Pitching for Kansas Jayhawks : LHP Lyle Quick
Batting: RHB Bob Zambrano 0-0: Reached on error, E6 (Groundball, 6M)
Batting: RHB Roberto Juárez 0-0: Foul Ball, location: 2F
0-1: Ball
1-1: Ball
2-1: Ball
3-1: Base on Balls
Batting: RHB Joseph Leach 0-0: Ball
1-0: Grounds into double play, 4-6-3 (Groundball, 4)
Bob Zambrano to third
Batting: SHB Russ Beasley 0-0: Ball
1-0: Ground out 4-3 (Groundball, 4)
Bottom of the 6th over - 0 run(s), 0 hit(s), 1 error(s), 1 left on base; Kansas 2 - Kentucky 2
TOP OF THE 7TH
Kansas Jayhawks batting - Pitching for Kentucky Wildcats : RHP Bryce Gray
Batting: RHB Dave Warren 0-0: Ball
1-0: Swinging Strike
1-1: Foul Ball, location: 2F
1-2: SINGLE (Groundball, 6MD)
Batting: RHB Cordell Grady 0-0: Ball
1-0: Ball
2-0: Grounds into double play, 6-4-3 (Groundball, 6)
Batting: RHB Manuel Cisneros 0-0: Called Strike
0-1: Foul Ball, location: 2F
0-2: Foul Ball, location: 2F
0-2: Foul Ball, location: 2F
0-2: Ball
1-2: Ball
2-2: Ball
3-2: Foul Ball, location: 2F
3-2: Foul Ball, location: 2F
3-2: Base on Balls
Pitching: RHP Jeremy Garner
Batting: RHB Johnny Hawson 0-0: Called Strike
Manuel Cisneros steals 2nd base
0-1: Fly out, F7 (Flyball, 7M)
Top of the 7th over - 0 run(s), 1 hit(s), 0 error(s), 1 left on base; Kansas 2 - Kentucky 2
BOTTOM OF THE 7TH
Kentucky Wildcats batting - Pitching for Kansas Jayhawks : LHP Lyle Quick
Pitching: LHP John Claveau
Batting: RHB Morris Wilson 0-0: Ball
1-0: Called Strike
1-1: Foul Ball, location: 2F
1-2: Ball
2-2: Ball
3-2: Base on Balls
Batting: LHB Eric Dillard 0-0: Ball
1-0: Sac Bunt - play at first, batter safe!
Morris Wilson to second
Batting: LHB César Rodríguez 0-0: Foul Ball, location: 2F
0-1: SINGLE (Groundball, 5D)
Morris Wilson to third
Eric Dillard to second
Runner from 3rd tries for Home, SAFE, throw made home
Now in LF: Kevin Grimes
Batting: SHB Arnold Moore 0-0: Foul Ball, location: 2F
0-1: Ball
1-1: DOUBLE (Flyball, 78M)
Eric Dillard scores
César Rodríguez to third
Runner from 3rd tries for Home, SAFE, throw made home
Batting: RHB Robert Rose 0-0: Called Strike
0-1: Called Strike
0-2: Foul Ball, location: 2F
0-2: Ball
1-2: Ball
2-2: Foul Ball, location: 2F
2-2: Ball
3-2: Fly out, F6 (Popup, 56)
Batting: RHB Bob Zambrano 0-0: Intentional Walk
Batting: RHB Roberto Juárez 0-0: Ball
1-0: Ball
2-0: Fly out, F7 (Line Drive, 7M)
Batting: RHB Joseph Leach 0-0: Ball
1-0: Foul Ball, location: 2F
1-1: Ball
2-1: Swinging Strike
2-2: Ball
3-2: Foul Ball, location: 2F
3-2: Base on Balls
Arnold Moore to third
Bob Zambrano to second
Batting: SHB Russ Beasley 0-0: Ball
1-0: Ball
2-0: Called Strike
2-1: Foul Ball, location: 2F
2-2: Strikes out swinging
Bottom of the 7th over - 3 run(s), 3 hit(s), 0 error(s), 3 left on base; Kansas 2 - Kentucky 5
TOP OF THE 8TH
Kansas Jayhawks batting - Pitching for Kentucky Wildcats : RHP Jeremy Garner
Batting: LHB Victor Stuart 0-0: Called Strike
0-1: Called Strike
0-2: Foul Ball, location: 2F
0-2: Ball
1-2: Fly out, F2 (Popup, 2RF)
Batting: RHB Robbie Jenkins 0-0: Called Strike
0-1: Ball
1-1: Ball
2-1: Ball
3-1: Base on Balls
Batting: RHB John Stevens 0-0: Ball
1-0: Called Strike
1-1: SINGLE (Groundball, 5D)
Robbie Jenkins to second
Batting: LHB Roy Woods 0-0: Ball
1-0: Ball
2-0: Ball
3-0: Called Strike
3-1: Base on Balls
Robbie Jenkins to third
John Stevens to second
Batting: LHB Francisco Blanco 0-0: Ball
1-0: Foul Ball, location: 2F
1-1: Grounds into double play, 4-6-3 (Groundball, 34)
Top of the 8th over - 0 run(s), 1 hit(s), 0 error(s), 2 left on base; Kansas 2 - Kentucky 5
BOTTOM OF THE 8TH
Kentucky Wildcats batting - Pitching for Kansas Jayhawks : LHP John Claveau
Batting: RHB Morris Wilson 0-0: Ball
1-0: Fly out, F9 (Flyball, 89M)
Batting: LHB Eric Dillard 0-0: Fly out, F8 (Flyball, 8RM)
Batting: LHB César Rodríguez 0-0: Called Strike
0-1: Ball
1-1: Called Strike
1-2: Ball
2-2: Foul Ball, location: 2F
2-2: Strikes out swinging
Bottom of the 8th over - 0 run(s), 0 hit(s), 0 error(s), 0 left on base; Kansas 2 - Kentucky 5
TOP OF THE 9TH
Kansas Jayhawks batting - Pitching for Kentucky Wildcats : RHP Jeremy Garner
Batting: RHB Dave Warren 0-0: Fly out, F3 (Popup, 3S)
Batting: RHB Cordell Grady 0-0: Ball
1-0: Ball
2-0: Ball
3-0: Base on Balls
Batting: LHB Kevin Grimes 0-0: Called Strike
0-1: Ball
1-1: Called Strike
1-2: Ball
2-2: Foul Ball, location: 2F
2-2: Foul Ball, location: 2F
2-2: Grounds into double play, 4-6-3 (Groundball, 4)
Top of the 9th over - 0 run(s), 0 hit(s), 0 error(s), 0 left on base; Kansas 2 - Kentucky 5
Monday, December 5th, 2016 - OOTP Baseball 17.12 Build 75